[Event "Szansa Chess Open 2022"]
[Site "Warsaw"]
[Date "2022.09.17"]
[Round "1.1"]
[White "Gumularz, Szymon"]
[Black "Czyzak, Blazej"]
[Result "1-0"]
[ECO "B22"]
[WhiteElo "2532"]
[BlackElo "1517"]
[Annotator "ChessBase"]
[PlyCount "57"]
[EventDate "2022.09.17"]
[EventCountry "POL"]
[SourceTitle "playchess.com"]
[Source "ChessBase"]
[SourceQuality "1"]
[TimeControl "900+10"]

1. e4 c5 2. c3 Nc6 3. d4 cxd4 4. cxd4 g6 5. d5 Nb4 6. Nc3 Bg7 7. Nf3 Nf6 8. a3 Na6 9. e5 Ng4 10. Bf4 Qb6 11. Qe2 O-O 12. h3 Nh6 13. Qd2 Nf5 14. g4 Nc5 15. Bc4 d6 16. gxf5 Bxf5 17. Be3 Qc7 18. Rc1 dxe5 19. Nb5 Qc8 20. Be2 b6 21. b4 a6 22. bxc5 axb5 23. cxb6 Qb8 24. Qb4 Rd8 25. Bxb5 Bd7 26. Bc6 Ra6 27. b7 Bf8 28. Bxd7 Rxd7 29. Rc8 1-0

[Event "Szansa Chess Open 2022"]
[Site "Warsaw"]
[Date "2022.09.17"]
[Round "1.2"]
[White "Majkowski, Blazej"]
[Black "Kosakowski, Jakub"]
[Result "0-1"]
[ECO "D02"]
[WhiteElo "1561"]
[BlackElo "2457"]
[Annotator "ChessBase"]
[PlyCount "56"]
[EventDate "2022.09.17"]
[EventCountry "POL"]
[SourceTitle "playchess.com"]
[Source "ChessBase"]
[SourceQuality "1"]
[TimeControl "900+10"]

1. d4 Nf6 2. Bf4 d5 3. Nf3 c5 4. e3 Nc6 5. c3 Qb6 6. Qb3 c4 7. Qxb6 axb6 8. Be2 Bf5 9. Nbd2 b5 10. Ne5 e6 11. f3 Nxe5 12. Bxe5 b4 13. Bxf6 gxf6 14. e4 Bg6 15. exd5 exd5 16. Kf2 bxc3 17. bxc3 Ba3 18. Nxc4 dxc4 19. Bxc4 O-O 20. Bb3 Bb2 21. Rad1 Bxc3 22. h4 Rfd8 23. d5 Bb4 24. g4 Bc2 25. Bxc2 Rxa2 26. h5 Rxc2+ 27. Kg3 Bd6+ 28. Kh4 Re8 0-1

[Event "Szansa Chess Open 2022"]
[Site "Warsaw"]
[Date "2022.09.17"]
[Round "1.3"]
[White "Jakubowski, Krzysztof"]
[Black "Strepikowski, Pawel"]
[Result "1-0"]
[ECO "B09"]
[WhiteElo "2466"]
[BlackElo "1867"]
[Annotator "ChessBase"]
[PlyCount "49"]
[EventDate "2022.09.17"]
[EventCountry "POL"]
[SourceTitle "playchess.com"]
[Source "ChessBase"]
[SourceQuality "1"]
[TimeControl "900+10"]

1. e4 d6 2. d4 Nf6 3. Nc3 g6 4. f4 Bg7 5. Nf3 O-O 6. Be3 b6 7. Qe2 c5 8. O-O-O Qc7 9. e5 Ng4 10. Bg1 cxd4 11. Nb5 Qd7 12. Nbxd4 dxe5 13. fxe5 Ba6 14. Qe4 Bb7 15. Qe1 Qa4 16. Kb1 Na6 17. h3 Bxf3 18. gxf3 Nb4 19. a3 Nxc2 20. Nxc2 Nxe5 21. Qe4 Qb3 22. Bd4 Rad8 23. Be2 f6 24. Bxe5 fxe5 25. Bc4+ 1-0

[Event "Szansa Chess Open 2022"]
[Site "Warsaw"]
[Date "2022.09.17"]
[Round "1.4"]
[White "Rylski, Tadeusz"]
[Black "Nasuta, Grzegorz"]
[Result "0-1"]
[ECO "B90"]
[WhiteElo "1733"]
[BlackElo "2531"]
[Annotator "ChessBase"]
[PlyCount "79"]
[EventDate "2022.09.17"]
[EventCountry "POL"]
[SourceTitle "playchess.com"]
[Source "ChessBase"]
[SourceQuality "1"]
[TimeControl "900+10"]

1. e4 c5 2. Nf3 d6 3. d4 cxd4 4. Nxd4 Nf6 5. Nc3 a6 6. h3 e6 7. g4 h6 8. Bg2 Be7 9. f4 Nc6 10. Be3 Nd7 11. O-O O-O 12. Qd2 Nxd4 13. Bxd4 e5 14. Be3 exf4 15. Bxf4 Ne5 16. Nd5 Be6 17. Nxe7+ Qxe7 18. Rad1 Rfd8 19. Qb4 Qc7 20. Rf2 Rd7 21. b3 f6 22. c4 a5 23. Qb5 a4 24. Rfd2 Ra6 25. Bxe5 fxe5 26. c5 axb3 27. axb3 Ra5 28. Qb6 Rxc5 29. Qxc7 Rcxc7 30. Rxd6 Rxd6 31. Rxd6 Bxb3 32. Rb6 Ba4 33. h4 Kf7 34. g5 hxg5 35. hxg5 Rc1+ 36. Kf2 Bc6 37. Kg3 Kg6 38. Kh4 Rg1 39. Bh3 Rh1 40. Kg4 0-1

[Event "Szansa Chess Open 2022"]
[Site "Warsaw"]
[Date "2022.09.17"]
[Round "1.5"]
[White "Nowak, Lukasz"]
[Black "Flis, Piotr"]
[Result "0-1"]
[ECO "A04"]
[WhiteElo "2327"]
[BlackElo "1484"]
[Annotator "ChessBase"]
[PlyCount "70"]
[EventDate "2022.09.17"]
[EventCountry "POL"]
[SourceTitle "playchess.com"]
[Source "ChessBase"]
[SourceQuality "1"]
[TimeControl "900+10"]

1. Nf3 c5 2. c4 Nf6 3. g3 Nc6 4. Nc3 d5 5. cxd5 Nxd5 6. Nxd5 Qxd5 7. Bg2 e5 8. d3 Be7 9. O-O O-O 10. Be3 Qe6 11. Ng5 Bxg5 12. Bxg5 Bd7 13. Bd2 Rac8 14. b3 b6 15. Bc3 Rfe8 16. Rc1 a5 17. Bb2 Qe7 18. Re1 h5 19. h3 Qg5 20. e3 Red8 21. Qe2 Bf5 22. e4 Be6 23. Bc3 h4 24. g4 Rd6 25. Rf1 Rcd8 26. Rcd1 Bc8 27. f4 exf4 28. e5 Re6 29. Bxc6 Rxc6 30. Qf3 Qg6 31. Qxf4 Be6 32. Qf3 Rc7 33. Qe4 Qxe4 34. dxe4 Rcd7 35. Rde1 Rd3 0-1

[Event "Szansa Chess Open 2022"]
[Site "Warsaw"]
[Date "2022.09.17"]
[Round "1.6"]
[White "Maryniec, Grzegorz"]
[Black "Kozak, Antoni"]
[Result "1-0"]
[ECO "A15"]
[WhiteElo "1355"]
[BlackElo "2434"]
[Annotator "ChessBase"]
[PlyCount "55"]
[EventDate "2022.09.17"]
[EventCountry "POL"]
[SourceTitle "playchess.com"]
[Source "ChessBase"]
[SourceQuality "1"]
[TimeControl "900+10"]

1. c4 Nf6 2. g3 g6 3. Bg2 Bg7 4. Nc3 O-O 5. e4 d6 6. Nge2 c5 7. O-O Nc6 8. d3 a6 9. h3 Bd7 10. Be3 e5 11. f4 Nd4 12. f5 gxf5 13. Bg5 h6 14. Bh4 Qc8 15. Qd2 f4 16. Bxf6 Bxf6 17. Nd5 Bd8 18. Nxd4 cxd4 19. gxf4 Kh7 20. fxe5 dxe5 21. Nf6+ Kg7 22. Qf2 Bxf6 23. Qxf6+ Kh7 24. Qxe5 Bxh3 25. Qh5 Bxg2 26. Rf6 Kg7 27. Qxh6+ Kg8 28. Qg5+ 1-0

[Event "Szansa Chess Open 2022"]
[Site "Warsaw"]
[Date "2022.09.17"]
[Round "1.7"]
[White "Nguyen, Piotr"]
[Black "Sidorczuk, Pawel"]
[Result "0-1"]
[ECO "B06"]
[WhiteElo "2421"]
[BlackElo "1886"]
[Annotator "ChessBase"]
[PlyCount "62"]
[EventDate "2022.09.17"]
[EventCountry "POL"]
[SourceTitle "playchess.com"]
[Source "ChessBase"]
[SourceQuality "1"]
[TimeControl "900+10"]

1. e4 g6 2. Nc3 Bg7 3. f4 c6 4. Nf3 d5 5. e5 Nh6 6. d4 Bg4 7. h3 Bxf3 8. Qxf3 Nf5 9. Qf2 Qb6 10. Ne2 h5 11. c3 h4 12. g4 hxg3 13. Nxg3 e6 14. Nxf5 exf5 15. Qg2 Nd7 16. e6 Nf8 17. exf7+ Kxf7 18. Rg1 Re8+ 19. Kd1 Rh6 20. Bd3 Bf6 21. Bxf5 gxf5 22. Qg8+ Ke7 23. Re1+ Kd8 24. Rxe8+ Kxe8 25. Qg2 Kf7 26. Kc2 Rg6 27. Qe2 Qb5 28. Qh5 Qf1 29. Qxf5 Rg2+ 30. Kb3 b5 31. a3 Qc4# 0-1

[Event "Szansa Chess Open 2022"]
[Site "Warsaw"]
[Date "2022.09.17"]
[Round "1.8"]
[White "Cwik, Jacek"]
[Black "Kowalski, Igor"]
[Result "1-0"]
[ECO "B20"]
[WhiteElo "1611"]
[BlackElo "2344"]
[Annotator "ChessBase"]
[PlyCount "25"]
[EventDate "2022.09.17"]
[EventCountry "POL"]
[SourceTitle "playchess.com"]
[Source "ChessBase"]
[SourceQuality "1"]
[TimeControl "900+10"]

1. e4 c5 2. Be2 Nc6 3. f4 g6 4. Nf3 Bg7 5. O-O e6 6. d3 Nge7 7. c3 O-O 8. Be3 b6 9. Na3 Bb7 10. Nb1 Bc8 11. Na3 Bb7 12. Qe1 d5 13. Nc2 1-0

[Event "Szansa Chess Open 2022"]
[Site "Warsaw"]
[Date "2022.09.17"]
[Round "1.9"]
[White "Psyk, Radoslaw"]
[Black "Mazurek, Jerzy"]
[Result "0-1"]
[ECO "A04"]
[WhiteElo "2404"]
[BlackElo "1726"]
[Annotator "ChessBase"]
[PlyCount "20"]
[EventDate "2022.09.17"]
[EventCountry "POL"]
[SourceTitle "playchess.com"]
[Source "ChessBase"]
[SourceQuality "1"]
[TimeControl "900+10"]

1. Nf3 c5 2. e3 g6 3. c4 Bg7 4. d4 Nf6 5. Nbd2 cxd4 6. Nxd4 O-O 7. Be2 d5 8. O-O e5 9. N4f3 Nc6 10. cxd5 Nxd5 0-1

[Event "Szansa Chess Open 2022"]
[Site "Warsaw"]
[Date "2022.09.17"]
[Round "1.10"]
[White "Wydmanski, Szymon"]
[Black "Jarmula, Lukasz"]
[Result "1-0"]
[ECO "A46"]
[WhiteElo "1809"]
[BlackElo "2457"]
[Annotator "ChessBase"]
[PlyCount "85"]
[EventDate "2022.09.17"]
[EventCountry "POL"]
[SourceTitle "playchess.com"]
[Source "ChessBase"]
[SourceQuality "1"]
[TimeControl "900+10"]

1. d4 Nf6 2. Nf3 e6 3. g3 b6 4. Bg2 Bb7 5. O-O Be7 6. c4 O-O 7. Re1 c5 8. d5 exd5 9. Nh4 d6 10. cxd5 Re8 11. e4 Nfd7 12. Nf5 Bf8 13. Nc3 a6 14. a4 g6 15. Nh6+ Bxh6 16. Bxh6 Ne5 17. f4 Ned7 18. Qf3 Qf6 19. e5 dxe5 20. Ne4 Qe7 21. fxe5 Bxd5 22. Qf4 Nc6 23. Nd6 Bxg2 24. Nxe8 Rxe8 25. Kxg2 Ndxe5 26. Bg5 Qe6 27. Bf6 Qd5+ 28. Qe4 Qxe4+ 29. Rxe4 Re6 30. Bxe5 Nxe5 31. Rd1 Kg7 32. Re2 c4 33. Rd8 Kf6 34. Ra8 a5 35. Rb8 Rc6 36. Rf2+ Kg7 37. Rb7 h5 38. h3 g5 39. Rf5 Nd3 40. Rxg5+ Kh6 41. Rb5 Rf6 42. R7xb6 Ne1+ 43. Kh1 1-0

[Event "Szansa Chess Open 2022"]
[Site "Warsaw"]
[Date "2022.09.17"]
[Round "1.12"]
[White "Stefaniuk, Zbigniew"]
[Black "Lewicki, Miroslaw"]
[Result "0-1"]
[ECO "D10"]
[WhiteElo "1608"]
[BlackElo "2336"]
[Annotator "ChessBase"]
[PlyCount "21"]
[EventDate "2022.09.17"]
[EventCountry "POL"]
[SourceTitle "playchess.com"]
[Source "ChessBase"]
[SourceQuality "1"]
[TimeControl "900+10"]

1. d4 d5 2. c4 c6 3. cxd5 cxd5 4. Bf4 Nc6 5. e3 Nf6 6. Nc3 Bf5 7. Qb3 Na5 8. Qa4+ Bd7 9. Qc2 Rc8 10. Bd3 Nc6 11. a3 0-1

[Event "Szansa Chess Open 2022"]
[Site "Warsaw"]
[Date "2022.09.17"]
[Round "1.14"]
[White "Grzelak, Piotr"]
[Black "Lapaj, Mateusz"]
[Result "1/2-1/2"]
[ECO "A05"]
[WhiteElo "1580"]
[BlackElo "2216"]
[Annotator "TA"]
[PlyCount "92"]
[EventDate "2022.09.17"]
[EventCountry "POL"]
[SourceTitle "playchess.com"]
[Source "ChessBase"]
[SourceQuality "1"]
[TimeControl "900+10"]

1. Nf3 Nf6 2. c4 g6 3. b3 Bg7 4. Bb2 O-O 5. g3 b6 6. Bg2 Bb7 7. O-O d6 8. d4 Nbd7 {[%emt 0:00:04] A15: English Opening: 1...Nf6.} 9. d5 e5 10. dxe6 fxe6 {[%emt 0:00:01] The position is equal.} 11. Nc3 Qe7 12. Qc2 {[%emt 0:01:10] [#]} a6 $146 ({Predecessor:} 12... a5 13. e4 Nxe4 14. Nxe4 Bxb2 15. Rae1 Bg7 16. h4 Rae8 17. Neg5 Qf6 18. Re3 Nc5 {0-1 (102) Galperin,P (2347)-Tsaruk,M (2115) Minsk 2018}) 13. Rad1 Rae8 14. h3 Kh8 15. Nd4 (15. h4 {seems wilder.} Kg8 16. Ng5 Bxg2 17. Kxg2 Nh5 18. f3) 15... Bxg2 16. Kxg2 e5 17. Nc6 Qf7 18. Nb4 Nc5 19. Nbd5 Ne6 20. Nxf6 Qxf6 21. Nd5 Qf7 22. b4 Qd7 (22... b5 $15) 23. Bc1 (23. a4 $14) 23... Nd4 $11 24. Qe4 Rf7 {[%emt 0:01:03] [#]} (24... b5 $15 {keeps the upper hand.} 25. c5 dxc5 26. bxc5 Qc6) 25. Be3 (25. Nxc7 $1 $16 Rc8 (25... Qxc7 26. Rxd4) 26. Nd5) 25... Ref8 (25... Nxe2 $2 26. Rde1 $18) 26. Bxd4 exd4 27. e3 (27. Rc1 $1 $11) 27... dxe3 28. Nxe3 Re8 29. Qg4 (29. Qd3 $11 {is more appropriate.}) 29... Ref8 (29... Qa4 $15) 30. Qe4 (30. Qxd7 $14 Rxd7 31. c5) 30... Re8 31. Qg4 Qc6+ 32. Nd5 Rfe7 (32... b5 $11 33. Rc1 Re5) 33. b5 $1 $14 axb5 34. cxb5 Qb7 35. Qc4 Qc6 $2 36. Qg4 $2 (36. Qxc6 $18 {is more deadly.} Re2 37. Nxc7) 36... Qb7 $1 $16 37. Qc4 (37. Qa4 $16) 37... Rd7 $2 (37... Qc6 $1 $11 {and Black stays safe.} 38. Qxc6 Re2 39. Qxc7 R2e4 40. Nxb6 R4e7 41. Qxd6 Ra7) 38. Rfe1 $18 Rf8 39. a4 Rdf7 40. Re2 h5 (40... Rc8 {keeps fighting.} 41. h4 c6) 41. Qe4 Rf5 42. Kg1 {[%emt 0:00:18] Ne7 is the strong threat.} Qb8 $2 (42... Re5 $16 43. Qd3 Rxe2 44. Qxe2 Kh7) 43. Ne7 {[%emt 0:00:03][%csl LRf5,LRg6] White is clearly winning.} Kh7 44. Nxf5 Rxf5 45. Rd5 Rxd5 46. Qxd5 Qa7 {[%emt 0:00:00][%mdl 32768] Weighted Error Value: White=0.38/Black=0.54. An unexpected result.} 1/2-1/2

[Event "Szansa Chess Open 2022"]
[Site "Warsaw"]
[Date "2022.09.17"]
[Round "1.15"]
[White "Zochowski, Kacper"]
[Black "Stepinski, Piotr"]
[Result "1-0"]
[ECO "B22"]
[WhiteElo "2257"]
[BlackElo "1663"]
[Annotator "TA"]
[PlyCount "116"]
[EventDate "2022.09.17"]
[EventCountry "POL"]
[SourceTitle "playchess.com"]
[Source "ChessBase"]
[SourceQuality "1"]
[TimeControl "900+10"]

1. e4 c5 2. c3 Nf6 3. e5 Nd5 4. d4 cxd4 5. Qxd4 e6 6. Bd3 Nc6 {[%emt 0:00:28] B22: Sicilian: 2 c3.} 7. Qe4 f5 {[%emt 0:00:55] is currently scoring better than 7...d6.} 8. Qe2 g6 {[%emt 0:03:04] The position is equal.} 9. Nf3 Bg7 10. O-O O-O {[%emt 0:00:36] [#]} 11. a4 $146 ({Predecessor:} 11. Na3 a6 12. Nc4 b5 13. Nd6 Qc7 14. Nxc8 Raxc8 15. Re1 Na5 16. h4 h6 17. g3 {1-0 (45) Deviatkin,A (2512)-Emeliantsev,A (2361) Vladivostok 2014}) 11... d6 12. exd6 Qxd6 13. Rd1 (13. Na3 $14) 13... Nf4 $11 14. Bxf4 Qxf4 15. g3 Qc7 16. Bc4 Re8 17. Na3 {[%emt 0:01:16][%cal Bb1a3,Ba3b5,Bb5d6][%mdl 32] And now Nb5 would win.} a6 {[%emt 0:00:01] Against Nb5} 18. Nd4 Kh8 19. Nxc6 ({Avoid the trap} 19. Nxe6 $2 Bxe6 20. Bxe6 Nd8 $19) 19... Qxc6 {[%emt 0:00:43] [#]} 20. Nb5 $1 Rf8 (20... axb5 $2 21. axb5 Qc7 22. Rxa8 $18) (20... Rb8 $11) (20... Bf8 21. Bb3) 21. Nd6 $16 f4 22. Qe4 ({Better is} 22. Rd3 $16) 22... Qxe4 $14 23. Nxe4 e5 24. Nd6 h6 25. Re1 {[%emt 0:00:19] White has more active pieces.} Bg4 26. Nf7+ (26. Nxb7 fxg3 27. hxg3 Rab8) 26... Kh7 27. Nxe5 Bh3 28. Bd3 Bf5 {[%emt 0:00:12] [#] Hoping for ...Bxe5.} 29. Bxf5 ({Don't play} 29. gxf4 Bxe5 30. Bxf5 Bxc3 31. bxc3 Rxf5 $16) 29... Rxf5 30. Nd3 fxg3 31. hxg3 Rd8 32. Rad1 Rfd5 33. Re3 b5 34. axb5 axb5 35. Kf1 h5 36. Ke2 Rf8 37. Nf4 Re5 (37... Rxd1 $16 38. Kxd1 h4) 38. Rxe5 $18 Bxe5 {[%emt 0:00:02][%mdl 4096] Endgame KRB-KRN} 39. Rd7+ Kh6 40. Nd3 Bg7 41. Rd5 Rb8 42. Rd7 Rf8 $1 43. Rd5 Rb8 $1 44. Nf4 (44. Rd6 $18) 44... b4 $16 45. Rd6 bxc3 (45... Kh7 $142) 46. Rxg6+ Kh7 47. bxc3 {[%emt 0:00:01] Strongly threatening Rc6.} Bxc3 (47... Be5 $16 {was worth a try.}) 48. Rc6 (48. Rg5 $18) 48... Bd4 49. Rd6 (49. Rc2 $14) 49... Bg7 $2 (49... Rb2+ $11 {and Black has nothing to worry.} 50. Kf3 Bxf2) 50. Rg6 Bc3 51. Rc6 ({White should play} 51. Rg5 $16) 51... Bd4 $14 52. Nd3 Re8+ 53. Kf3 Rf8+ 54. Kg2 Rf5 55. Rc4 Bb6 56. Rh4 Bd8 57. Rh3 Ra5 58. Nf4 Kh6 {[%emt 0:00:01] Black escapes into a draw.  Weighted Error Value: White=0.31/Black=0.24 (precise)} 1-0

[Event "Szansa Chess Open 2022"]
[Site "Warsaw"]
[Date "2022.09.17"]
[Round "1.20"]
[White "Glowacki, Mateusz"]
[Black "Smykalo, Severyn"]
[Result "0-1"]
[ECO "C02"]
[WhiteElo "1090"]
[BlackElo "1840"]
[Annotator "NA COMBH"]
[PlyCount "32"]
[EventDate "2022.09.17"]
[EventCountry "POL"]
[SourceTitle "playchess.com"]
[Source "ChessBase"]
[SourceQuality "1"]
[TimeControl "900+10"]

1. e4 e6 2. d4 d5 3. e5 c5 4. c3 Nc6 5. Nf3 Qb6 6. Bd3 Bd7 7. dxc5 Bxc5 8. O-O Nge7 9. b4 Nxb4 10. cxb4 Bxb4 11. Be3 Qc7 12. Nbd2 Nc6 13. Rb1 Bxd2 14. Qxd2 Nxe5 15. Nxe5 Qxe5 16. Rxb7 d4 0-1

[Event "Szansa Chess Open 2022"]
[Site "Warsaw"]
[Date "2022.09.17"]
[Round "1.21"]
[White "Chomczyk, Marek"]
[Black "Rybicki, Jan"]
[Result "0-1"]
[ECO "B02"]
[WhiteElo "2327"]
[BlackElo "1313"]
[Annotator "ChessBase"]
[PlyCount "128"]
[EventDate "2022.09.17"]
[EventCountry "POL"]
[SourceTitle "playchess.com"]
[Source "ChessBase"]
[SourceQuality "1"]
[TimeControl "900+10"]

1. e4 Nf6 2. e5 Nd5 3. c4 Nb6 4. a4 d6 5. exd6 cxd6 6. d4 g6 7. Nf3 Bg7 8. Be2 O-O 9. O-O Nc6 10. Be3 Bg4 11. d5 Bxf3 12. Bxf3 Ne5 13. Bxb6 Qxb6 14. Nd2 Nxf3+ 15. Nxf3 Rac8 16. Qc2 Qxb2 17. Qxb2 Bxb2 18. Rab1 Bf6 19. Rxb7 Rxc4 20. Rxa7 Rb8 21. Rd1 Rbb4 22. a5 Rc5 23. a6 Rxd5 24. Rc1 Rc5 25. Rd1 Ra4 26. g3 Rca5 27. Kg2 Rxa6 28. Rb7 Rc6 29. Rd2 Kg7 30. Ng1 e6 31. Nh3 d5 32. Rd7 Raa6 33. Nf4 Bg5 34. Rd4 Rc4 35. Ne2 Rxd4 36. Nxd4 Bf6 37. Nb5 Be5 38. f4 Rb6 39. Na7 Bb8 40. Nc8 Rc6 41. Ne7 Rc2+ 42. Kh3 Kf8 43. Nxd5 exd5 44. Rxd5 Bc7 45. Rb5 Kg7 46. Rb7 h5 47. Rb5 Rf2 48. Rb4 Bd8 49. Rb8 Bc7 50. Rb7 Bxf4 51. gxf4 Rf3+ 52. Kg2 Rxf4 53. Rb5 f6 54. Kg3 g5 55. h3 Kg6 56. Ra5 Rb4 57. Rc5 Rb3+ 58. Kg2 g4 59. Rd5 Rxh3 60. Rd4 Ra3 61. Kh2 Kg5 62. Kg2 h4 63. Rb4 Ra2+ 64. Kf1 h3 0-1

[Event "Szansa Chess Open 2022"]
[Site "Warsaw"]
[Date "2022.09.17"]
[Round "1.22"]
[White "Galczynski, maksymilian"]
[Black "Smieszek, Wojciech"]
[Result "1-0"]
[ECO "C68"]
[WhiteElo "1369"]
[BlackElo "2082"]
[Annotator "TA"]
[PlyCount "71"]
[EventDate "2022.09.17"]
[EventCountry "POL"]
[SourceTitle "playchess.com"]
[Source "ChessBase"]
[SourceQuality "1"]
[TimeControl "900+10"]

1. e4 e5 2. Nf3 Nc6 3. Bb5 a6 4. Bxc6 dxc6 5. O-O Bg4 6. h3 h5 7. d3 Qf6 8. Be3 $1 {[%emt 0:00:02][%mdl 4] now scores much better than the old 8.Nbd2.} (8. hxg4 hxg4 9. Be3 (9. Bg5 $2 Qg6 $19) 9... Bc5 $1 $15 ) 8... Bd6 {[%emt 0:01:37] C68: Ruy Lopez: Exchange Variation, sidelines.} ({Black should play} 8... Bxf3 $11 9. Qxf3 Qxf3 10. gxf3 Bd6) 9. Nbd2 $1 $14 (9. hxg4 hxg4 10. Nbd2 (10. Bg5 $2 Qg6 $19) 10... gxf3 11. Qxf3 Qh4 $15) 9... Ne7 10. Re1 ({Don't play} 10. hxg4 hxg4 11. g3 (11. Bg5 Qg6 $17) 11... gxf3 $11) 10... Bxf3 {[%emt 0:00:35] White is slightly better.} 11. Qxf3 {[%emt 0:00:10] [#]} Qg6 $146 ({Predecessor:} 11... Qxf3 12. Nxf3 c5 13. Nd2 f6 14. a3 Nc6 15. c3 O-O-O 16. Kf1 Be7 17. Ke2 Nd4+ 18. Bxd4 cxd4 {1-0 (60) Alsina Leal,D (2477)-Meneses Gonzalez,K (2251) Linares 2019}) 12. Nc4 O-O 13. d4 f5 (13... exd4 $14 14. Bxd4 Rad8) 14. dxe5 $18 fxe4 {[%emt 0:00:20] [#]} 15. Qg3 ({Better is} 15. Qe2 $1 $18) 15... Qxg3 (15... Qe6 $16) 16. fxg3 Bb4 17. c3 b5 18. cxb4 bxc4 19. Bc5 $36 {[%emt 0:00:01][%csl LRe4,LRe7][%mdl 2048] White is on the roll.} Rfe8 20. Bxe7 {[%emt 0:00:02] White is more active.} Rxe7 21. Rxe4 $16 {[%emt 0:00:01][%mdl 4096] Endgame KRR-KRR} Rae8 (21... Rb8 $16 {might work better.}) 22. Rae1 $18 Kf7 (22... c5 $142 23. bxc5 Kf7) 23. Kf2 Kg6 (23... c5 $142 24. bxc5 g5 25. Rxc4 Rxe5 26. Rxe5 Rxe5) 24. Rxc4 Rxe5 $2 (24... Re6 {was necessary.} 25. g4 hxg4 26. Rxg4+ Kf7) 25. Rxc6+ Kf5 26. Rxe5+ Rxe5 27. Rxc7 {[%emt 0:00:05] aiming for Rc5. KR-KR} g5 (27... Ke6 $142 28. Rc6+ Kd5) 28. Rc5 Ke4 29. Rxe5+ {[%emt 0:00:02] White mates.} Kxe5 {[%emt 0:00:01] KP-KP} 30. Ke3 Kd5 31. b3 Ke5 32. a4 Kd5 33. b5 axb5 34. axb5 Kc5 35. Ke4 Kxb5 36. Kf5 {[%emt 0:00:01] Weighted Error Value: White=0.11 (very precise) /Black=0.60} 1-0

[Event "Szansa Chess Open 2022"]
[Site "Warsaw"]
[Date "2022.09.17"]
[Round "1.24"]
[White "Leszczewicz, Karol"]
[Black "Omar, Ahmed"]
[Result "1/2-1/2"]
[ECO "B92"]
[WhiteElo "1588"]
[BlackElo "2064"]
[Annotator "TA"]
[PlyCount "61"]
[EventDate "2022.09.17"]
[EventCountry "POL"]
[SourceTitle "playchess.com"]
[Source "ChessBase"]
[SourceQuality "1"]
[TimeControl "900+10"]

1. e4 c5 2. Nf3 d6 3. d4 cxd4 4. Nxd4 Nf6 5. Nc3 a6 6. Be2 Nc6 7. Be3 e5 8. Nb3 b5 {[%emt 0:01:05] B90: Sicilian Najdorf: Unusual White 6th moves, 6 Be3 Ng4 and 6 Be3 e5.} 9. a4 b4 10. Nd5 Nxd5 {[%emt 0:01:45] White is slightly better.} (10... Nxe4 $2 11. Bb6 Qg5 12. Nc7+ Ke7 13. Nxa8 $18) 11. Qxd5 Bb7 {[%emt 0:01:14] [#]} 12. a5 $146 {[%emt 0:01:45] White has more active pieces. The black rooks are badly placed.} ({Predecessor:} 12. O-O Qc7 13. Qd2 h6 14. f4 a5 15. Bg4 h5 16. Bh3 Bc8 17. f5 Ba6 18. Rfd1 {½-½ (38) Koerlin,H (1882)-Tuerk,B (1613) Berlin 2016}) 12... Qd7 {[%emt 0:02:07][%cal Oc6d4] White must now prevent ...Nd4!} 13. Qd2 {[%emt 0:00:34] Prevents Nd4.} Qe6 14. O-O Be7 15. f4 ({White should try} 15. Bd3 $16) 15... exf4 $14 16. Rxf4 O-O 17. Raf1 Bg5 18. R4f3 Bxe3+ 19. Rxe3 Ne5 (19... Rac8 $11 {keeps the balance.}) 20. Nd4 $16 Nc4 $2 {[%emt 0:00:43][%mdl 8192] This costs Black the game.} (20... Qd7 $16) 21. Qxb4 $18 {[%emt 0:00:47] White is clearly winning.} ({Weaker is} 21. Nxe6 Nxd2 22. Rd1 fxe6 $16) 21... Nxe3 22. Nxe6 {[%emt 0:00:04][%mdl 64] [#] Pin} Rfb8 23. Qd4 fxe6 24. Qxe3 d5 25. exd5 Bxd5 26. Bf3 Re8 27. Bxd5 exd5 28. Qf3 Rad8 29. Qf7+ Kh8 30. Rd1 Rf8 {[%emt 0:00:16] [#]} 31. Rxd5 $1 {[%emt 0:00:14][%mdl 32768] Weighted Error Value: White=0.06 (flawless) /Black=0.26 (precise) . An unexpected result.} 1/2-1/2

[Event "Szansa Chess Open 2022"]
[Site "Warsaw"]
[Date "2022.09.17"]
[Round "2"]
[White "Lewtak, Damian"]
[Black "Wilczynski, Adam"]
[Result "1-0"]
[ECO "B52"]
[WhiteElo "2386"]
[BlackElo "1516"]
[Annotator "ChessBase"]
[PlyCount "53"]
[EventDate "2022.09.17"]
[EventCountry "POL"]
[SourceTitle "playchess.com"]
[Source "ChessBase"]
[SourceQuality "1"]
[TimeControl "900+10"]

1. e4 c5 2. Nf3 d6 3. Bb5+ Bd7 4. c4 Nf6 5. Nc3 g6 6. d4 cxd4 7. Nxd4 Bg7 8. O-O O-O 9. Bxd7 Nbxd7 10. h3 Rc8 11. b3 a6 12. Be3 b5 13. Rc1 bxc4 14. bxc4 Rxc4 15. Qe2 Nb6 16. Ne6 fxe6 17. Bxb6 Qc8 18. Qd3 Qc6 19. Nd5 exd5 20. exd5 Qxb6 21. Qxc4 Nh5 22. Rb1 Qa7 23. Qc6 Ng3 24. Rb7 Qd4 25. Rfb1 Qxf2+ 26. Kh2 Be5 27. Rxe7 1-0

[Event "Szansa Chess Open 2022"]
[Site "Warsaw"]
[Date "2022.09.17"]
[Round "2.1"]
[White "Ivanytska, Liudmyla"]
[Black "Gumularz, Szymon"]
[Result "0-1"]
[ECO "C41"]
[WhiteElo "1845"]
[BlackElo "2532"]
[Annotator "ChessBase"]
[PlyCount "102"]
[EventDate "2022.09.17"]
[EventCountry "POL"]
[SourceTitle "playchess.com"]
[Source "ChessBase"]
[SourceQuality "1"]
[TimeControl "900+10"]

1. e4 e5 2. Nf3 d6 3. Bc4 Nf6 4. d3 Be7 5. O-O O-O 6. c3 Nbd7 7. Re1 c6 8. Bb3 b5 9. a4 a5 10. d4 Bb7 11. Bc2 Re8 12. Nbd2 Bf8 13. Nf1 Qc7 14. Ng3 g6 15. Bb3 Bg7 16. h4 Nb6 17. h5 bxa4 18. Bxa4 Nxa4 19. Rxa4 exd4 20. cxd4 c5 21. d5 Bc8 22. hxg6 hxg6 23. e5 dxe5 24. d6 Qb7 25. Nxe5 Be6 26. Ra3 c4 27. Nf3 Bd5 28. Rxe8+ Rxe8 29. Rxa5 Bxf3 30. gxf3 Qb4 31. Qd2 c3 32. Qxc3 Re1+ 33. Kg2 Qxc3 34. bxc3 Rxc1 35. Ne4 Nxe4 36. d7 Bf6 37. Ra6 Nc5 38. Rxf6 Nxd7 39. Rc6 Ne5 40. Rc8+ Kg7 41. Kg3 g5 42. Kg2 Nd3 43. c4 Nf4+ 44. Kh2 Rf1 45. c5 Rxf2+ 46. Kg1 Rxf3 47. c6 Rc3 48. Kh1 Rc2 49. Kg1 g4 50. Re8 g3 51. Re1 Nh3+ 0-1